 Dungeon Crawl Stone Soup version 0.31.0-11-ge490571c62 (webtiles) character file.

Game seed: 17590564395160156992

65 qw the Shooter (level 3, 0/20 HPs)
             Began as a Deep Elf Hunter on Feb 4, 2024.
             Succumbed to an adder's poison
             ... on level 3 of the Dungeon.
             The game lasted 00:00:04 (1808 turns).

qw the Shooter (Deep Elf Hunter)                    Turns: 1808, Time: 00:00:05

Health: 0/20       AC:  3    Str: 10    XL:     3   Next: 92%
Magic:  5/5        EV: 12    Int: 13    God:
Gold:   63         SH:  0    Dex: 18    Spells: 2/2 levels left

rFire   . . .        a - +0 shortbow
rCold   . . .        (shield currently unavailable)
rNeg    . . .        c - +0 leather armour
rPois   .            (no helmet)
rElec   .            (no cloak)
rCorr   .            (no gloves)
SInv    .            (no boots)
Will    .....        (no amulet)
Stlth   ++           (no ring)
HPRegen 0.23/turn    (no ring)
MPRegen 0.09/turn

%: no passive effects
@: lethally poisoned (0 -> -4)
A: no striking features
a: no special abilities


You were on level 3 of the Dungeon.
You visited 1 branch of the dungeon, and saw 3 of its levels.

You collected 63 gold pieces.


   Skills:
 - Level 1.5 Fighting
 + Level 7.4 Ranged Weapons
 - Level 2.4 Dodging
 - Level 1.2 Stealth


You had 2 spell levels left.
You didn't know any spells.
Your spell library was empty.

Inventory:

Hand Weapons
 a - a +0 shortbow (weapon)
Armour
 c - a +0 leather armour (worn)
Jewellery
 d - a ring of ice
Potions
 f - 2 potions of cancellation

Dungeon Overview and Level Annotations

Branches:
Dungeon (3/15)

Altars:


Message History

The adder bites you but does no damage.
You shoot an arrow. The arrow hits the adder.
The adder is severely wounded.
The adder closely misses you. The adder bites you but does no damage.
You shoot an arrow. The arrow closely misses the adder.
The adder barely misses you.
You shoot an arrow. The arrow barely misses the adder.
The adder bites you.
You are poisoned.
The adder poisons you!
You shoot an arrow. The arrow hits the adder.
The adder is almost dead.
You feel sick. The adder closely misses you. The adder barely misses you.
You shoot an arrow. The arrow misses the adder.
You feel sick. The adder closely misses you.
You shoot an arrow. The arrow closely misses the adder.
You feel sick. The adder misses you. The adder completely misses you.
You shoot an arrow. The arrow barely misses the adder.
You feel sick. The adder closely misses you.
You shoot an arrow. The arrow barely misses the adder.
You feel sick.
You are no longer poisoned.
The adder bites you.
You shoot an arrow. The arrow completely misses the adder.
The adder bites you.
You are poisoned.
The adder poisons you! The adder bites you.
You shoot an arrow. The arrow closely misses the adder.
You feel sick. The adder completely misses you.
You shoot an arrow. The arrow misses the adder.
You feel sick. The adder bites you but does no damage. The adder bites you.
You are lethally poisoned!
The adder poisons you!
You shoot an arrow. The arrow misses the adder.
You feel sick. The adder completely misses you.
You shoot an arrow. The arrow barely misses the adder.
You feel sick. The adder barely misses you. x2
You shoot an arrow. The arrow hits the adder.
You kill the adder!
You die...

#.## #>#
#..### #.#
##...## #.#
###:<# #.#
##.#### #.#
#....###.#
####...#.##
###....#
###.@# ##.#
....
##.....
###..## ..#
#.. ##.


There were no monsters in sight!

Vanquished Creatures
  A gnoll (D:1)
  2 adders
  4 dart slugs
  2 giant cockroaches (D:1)
  6 goblins
  5 hobgoblins
  4 kobolds
  2 quokkas (D:1)
  2 ball pythons
  3 bats
  2 frilled lizards
  4 rats (D:1)
37 creatures vanquished.

Notes
Turn   | Place    | Note
-------+----------+-------------------------------------------
     0 | D:1      | qw the Deep Elf Hunter began the quest for the Orb.
     0 | D:1      | Reached XP level 1. HP: 12/12 MP: 3/3
     0 | D:1      | 0 ||| qw: Version: 0.3-a-160-g6735b56
     0 | D:1      | 0 ||| qw: Game counter: 4883
     0 | D:1      | 0 ||| qw: Melee chars always use a shield: true
     0 | D:1      | 0 ||| qw: God list: Okawaru
     0 | D:1      | 0 ||| qw: Allow faded altars: false
     0 | D:1      | 0 ||| qw: Do Orc after clearing Dungeon:15 true
     0 | D:1      | 0 ||| qw: Do second Lair branch before Depths: true
     0 | D:1      | 0 ||| qw: Lair rune preference: random
     0 | D:1      | 0 ||| qw: Goals: Normal
     0 | D:1      | 0 ||| PLANNING D:1-11
   231 | D:1      | Reached XP level 2. HP: 16/16 MP: 4/4
   243 | D:1      | Reached skill level 6 in Ranged Weapons
   537 | D:1      | 537 ||| DROPPING +0 sling of flaming.
   554 | D:1      | HP: 4/16 [gnoll/+0 flail (3)]
   557 | D:1      | Reached XP level 3. HP: 6/20 MP: 5/5
   902 | D:1      | 902 ||| DROPPING scroll of butterflies.
  1017 | D:2      | Reached skill level 7 in Ranged Weapons
  1743 | D:2      | 1743 ||| DROPPING ring of flight.
  1744 | D:2      | 1744 ||| READING 2 scrolls labelled GAPSIFRETHRU.
  1745 | D:2      | 1745 ||| DRINKING 3 viscous brown potions.
  1746 | D:2      | 1746 ||| DROPPING scroll of revelation.
  1805 | D:3      | HP: 4/20 [adder (3)]
  1808 | D:3      | Succumbed to an adder's poison

Levels and vault maps discovered:
D:1:      tarquinn_simple_flora_water_f, layout_basic, st_stairs_13
D:2:      layout_loops_ring
D:3:      layout_rooms, tgw_kikubaaqudgha, mainiacjoe_overflow_chevrons,
          biasface_ghost_orc_armoury, uniq_ijyb

Skill      XL: |  1  2  3 |
---------------+----------+-----
Ranged Weapons | 6 7 |  7.4
Fighting       | |  1.5
Dodging        | |  2.4
Stealth        | |  1.2

Action                     || total
---------------------------++-------
   Fire: Shortbow          ||   145
    Use: Scroll            ||     1
         Potion            ||     1
 Armour: Leather armour    ||    54
  Dodge: Dodged            ||    63

Table legend:
 A = Non-vault XP
 B = Vault XP
 C = Vault XP percentage of total XP
 D = Non-vault monster count
 E = Vault monster count
 F = Vault count percentage of total count
                 A         B        C        D         E       F
            +---------+---------+-------+---------+---------+-------
      Total |     105 |       2 |   1.9 |      36 |       1 |   2.7
            +---------+---------+-------+---------+---------+-------
        D:1 |      56 |       2 |   3.4 |      24 |       1 |   4.0
        D:2 |      35 |       0 |   0.0 |      11 |       0 |   0.0
        D:3 |      14 |       0 |   0.0 |       1 |       0 |   0.0
            +---------+---------+-------+---------+---------+-------
